 Dungeon Crawl Stone Soup version 0.29.1-12-g30fa7ad0bf (webtiles) character file.

Game seed: 15441017362395804070

884 KittyFluff the Covered (level 8, 0/49 HPs)
             Began as a Gargoyle Fighter on Dec 28, 2022.
             Slain by a two-headed ogre
             ... wielding a +0 giant club
              (21 damage)
             ... on level 5 of the Dungeon.
             The game lasted 00:27:38 (4562 turns).

KittyFluff the Covered (Gargoyle Fighter)           Turns: 4562, Time: 00:27:39

Health: 0/49       AC: 11    Str: 20    XL:     8   Next: 5%
Magic:  8/8        EV: 11    Int:  9    God:
Gold:   119        SH:  5    Dex: 11    Spells: 2/7 levels left

rFire   + . .      SeeInvis .   a - +0 flail
rCold   . . .      Faith    .   c - +0 buckler
rNeg    + . .      Spirit   .   r - +0 leather armour {rF+}
rPois   ∞          Reflect  .   i - +0 helmet
rElec   +          Harm     .   (no cloak)
rCorr   .          Rampage  .   (no gloves)
Will    .....                   w - +0 pair of boots
Stlth   +.........              o - amulet of regeneration
HPRegen 0.96/turn               (no ring)
MPRegen 0.11/turn               (no ring)

@: no status effects
A: sickness immunity, AC +5, negative energy resistance 1, electricity
resistance, torment resistance 1, petrification resistance
a: no special abilities


You were on level 5 of the Dungeon.
You visited 2 branches of the dungeon, and saw 6 of its levels.

You collected 260 gold pieces.
You spent 141 gold pieces at shops.

Inventory:

Hand Weapons
 a - a +0 flail (weapon)
 y - a +3 sling of flaming
Missiles
 f - 27 stones (quivered)
 j - 13 poisoned darts
 x - 6 boomerangs
 A - 6 javelins
Armour
 b - a +0 scale mail
 c - a +0 buckler (worn)
 i - a +0 helmet (worn)
 r - a +0 leather armour of fire resistance (worn)
 s - a scarf of harm
 w - a +0 pair of boots (worn)
 H - a +1 scale mail of fire resistance
Jewellery
 o - an amulet of regeneration (around neck)
Wands
 e - a wand of iceblast (4)
 E - a wand of paralysis (2)
Scrolls
 g - a scroll of silence {unknown}
 k - a scroll of noise
 m - a scroll of poison {unknown}
 u - 2 scrolls of teleportation {unknown}
 B - a scroll of torment {unknown}
 C - a scroll of butterflies {unknown}
 F - a scroll of enchant weapon {unknown}
 I - a scroll of blinking {unknown}
Potions
 d - a potion of might
 h - a potion of resistance
 l - 4 potions of curing
 n - a potion of flight
 p - a potion of invisibility
 q - a potion of heal wounds
 t - a potion of haste {unknown}
 v - 2 potions of degeneration {unknown}
 z - a potion of attraction {unknown}
 D - 2 potions of mutation {unknown}
 G - a potion of magic {unknown}


   Skills:
 + Level 5.0 Fighting
 + Level 5.2 Maces & Flails
 + Level 1.8 Ranged Weapons
 + Level 0.1 Throwing
 * Level 5.8 Armour
 + Level 2.1 Dodging
 + Level 1.0 Stealth
 + Level 4.4 Shields


You had 2 spell levels left.
You knew the following spells:

 Your Spells              Type           Power      Damage    Failure   Level
a - Passwall              Tmut/Erth      0%         N/A       67%         2
b - Swiftness             Air            0%         N/A       88%         3

Your spell library contained the following spells:

 Spells                   Type           Power      Damage    Failure   Level
 Ensorcelled Hibernation  Hex/Ice        0%         N/A       67%         2


Dungeon Overview and Level Annotations

Branches:
Dungeon (5/15)             Temple (1/1) D:4

Altars:
Cheibriados
Elyvilon
Hepliaklqana
Kikubaaqudgha
Makhleb
Nemelex Xobeh
Okawaru
Qazlal
Sif Muna
Vehumet
Wu Jian
Xom
Yredelemnul
Zin
The Shining One

Shops:
D:1 [!(*?


Innate Abilities, Weirdness & Mutations

You are immune to sickness and miasma.
Your stone body is resilient. (AC +5)
You are immune to poison.
You resist negative energy. (rN+)
You are resistant to electric shocks. (rElec)
You are resistant to unholy torment.
You are immune to petrification.


Message History

A two-headed ogre comes into view. It is wielding two +0 giant clubs.
Your +3 sling of flaming bursts into flame!
y - a +3 sling of flaming (weapon)
Fire: y) +3 sling (flame)
Press: ? - help, Q - select action, (/) - cycle Shift-Dir - straight line, f - jackal
Aim: a jackal (51% to hit)
You shoot a sling bullet. The sling bullet hits the jackal.
The sling bullet burns the jackal.
The jackal is severely wounded.
Fire: y) +3 sling (flame)
Press: ? - help, Q - select action, (/) - cycle Shift-Dir - straight line, f - adder
Aim: an adder (40% to hit)
You shoot a sling bullet. The sling bullet hits the adder!
The sling bullet burns the adder.
The adder is severely wounded.
You block the adder's attack.
Your +3 sling of flaming stops flaming.
a - a +0 flail (weapon)
You barely miss the adder.
The adder is severely wounded.
The adder barely misses you.
You sock the two-headed ogre!
The two-headed ogre is moderately wounded.
Unknown command.
You completely miss the two-headed ogre.
The two-headed ogre is moderately wounded.
The two-headed ogre closely misses you. The two-headed ogre barely misses you.
You hit the two-headed ogre.
The two-headed ogre is moderately wounded.
The two-headed ogre barely misses you.
The two-headed ogre hits you but does no damage.
You hit the two-headed ogre but do no damage.
The two-headed ogre is moderately wounded.
The two-headed ogre hits you with a +0 giant club!!
Ouch! That really hurt!
The two-headed ogre hits you but does no damage.
You barely miss the two-headed ogre.
The two-headed ogre is moderately wounded.
The two-headed ogre hits you with a +0 giant club!!
You die...

#....#~#S≈~P.. +#.#
######~##≈~.P. #..#
#######~##########~##
.....#~##SS?~..##~~#
.....#~#S≈~.~...#~##
.....#.#Sh.P....#~#
###.##.#≈≈$.O..h#.#
#.##'##≈=.~. #O.#
#.#...###### #@##
#....## ### ######


You could see a two-headed ogre and a jackal.

Vanquished Creatures
  A water moccasin (D:5)
  An ogre (D:4)
  Blork the orc (D:5)
  A scorpion (D:5)
  An orc priest (D:5)
  A gnoll bouda (D:4)
  2 hounds
  3 iguanas
  Ijyb (D:5)
  4 orc wizards
  3 gnolls (D:3)
  6 adders
  A worm (D:4)
  3 dart slugs
  29 orcs
  6 endoplasms
  3 giant cockroaches
  7 hobgoblins
  4 jackals (D:2)
  2 quokkas (D:2)
  5 ball pythons
  8 bats
  4 frilled lizards
  7 goblins
  4 kobolds
  7 rats
115 creatures vanquished.

Vanquished Creatures (others)
  2 orc wizards (D:3)
  An orc (D:4)
  2 plants (D:5)
5 creatures vanquished.

Grand Total: 120 creatures vanquished

Notes
Turn   | Place    | Note
-------+----------+-------------------------------------------
     0 | D:1      | KittyFluff the Gargoyle Fighter began the quest for the
                  | Orb.
     0 | D:1      | Reached XP level 1. HP: 14/14 MP: 1/1
    90 | D:1      | Found Amoak's Assorted Antiques.
   184 | D:1      | Found Usug's Distillery.
   217 | D:1      | Found Zuquob's Antique Armour Emporium.
   253 | D:1      | Reached XP level 2. HP: 16/19 MP: 2/2
   395 | D:1      | Found Fivut's Antique Weapon Boutique.
   444 | D:1      | Found Deoririd's Magic Scroll Shop.
   454 | D:1      | Bought a scroll of identify for 28 gold pieces
   615 | D:1      | Bought a scroll of noise for 14 gold pieces
   695 | D:2      | Found a faded altar of an unknown god.
   728 | D:2      | Reached XP level 3. HP: 15/24 MP: 3/3
  1230 | D:2      | Reached XP level 4. HP: 29/29 MP: 4/4
  1563 | D:2      | HP: 1/29 [iguana (6)]
  1566 | D:2      | Reached skill level 1 in Dodging
  1918 | D:3      | Found a burning altar of Makhleb.
  1947 | D:3      | Reached XP level 5. HP: 33/33 MP: 5/5
  1953 | D:3      | Found a snail-covered altar of Cheibriados.
  2525 | D:3      | Reached XP level 6. HP: 39/39 MP: 6/6
  2726 | D:1      | Bought a runed sling for 99 gold pieces
  2912 | D:4      | Reached skill level 5 in Armour
  2937 | D:4      | Learned a level 2 spell: Passwall
  2941 | D:4      | Learned a level 3 spell: Swiftness
  3112 | D:4      | Reached XP level 7. HP: 44/44 MP: 7/7
  3337 | D:4      | Found a staircase to the Ecumenical Temple.
  3398 | Temple   | Entered the Ecumenical Temple
  3883 | D:5      | Entered Level 5 of the Dungeon
  4132 | D:5      | Noticed Ijyb
  4151 | D:5      | Killed Ijyb
  4152 | D:5      | Reached skill level 1 in Ranged Weapons
  4407 | D:5      | Noticed Blork the orc
  4415 | D:5      | Reached skill level 5 in Maces & Flails
  4415 | D:5      | Reached skill level 1 in Stealth
  4419 | D:5      | Killed Blork the orc
  4420 | D:5      | Reached skill level 5 in Fighting
  4420 | D:5      | Reached XP level 8. HP: 28/49 MP: 8/8
  4550 | D:5      | Noticed a two-headed ogre
  4562 | D:5      | Slain by a two-headed ogre

Illustrated notes

Levels and vault maps discovered:
D:1:      shiori_arrival_oz, layout_rooms, serial_shops,
          nicolae_shop_competitors_out_of_business,
          nicolae_shop_temple_entry_statues_fountains, shop, nicolae_shop_trees,
          shop, grunt_decor_cap, minivault_4, minmay_unequal
D:2:      layout_loops_ring, shapermc_ecumenical_altar_venn, dk_noncrumbling_2
D:3:      layout_rooms, mainiacjoe_overflow_two_lobes, minmay_door_square
D:4:      layout_rooms, temple_doors_e
D:5:      cheibrodos_two_vegetables, layout_loops_ring, serial_shops,
          nicolae_shop_bloodbath_and_beyond, uniq_ijyb, uniq_blork_the_orc
Temple:   nicolae_temple_figure_eight

Skill      XL: |  1  2  3  4  5  6  7 |
---------------+----------------------+-----
Armour         | 4 5 |  5.8
Dodging        | 1 2 |  2.1
Shields        | 4 |  4.4
Maces & Flails | 3 4 5 |  5.2
Fighting       | 4 5 |  5.0
Ranged Weapons | 1 |  1.8
Stealth        | 1 |  1.0
Throwing       | |  0.1

Action                   |  1- 3 |  4- 6 |  7- 9 || total
-------------------------+-------+-------+-------++-------
Melee: Flail             |   126 |   241 |   122 ||   489
 Fire: Sling             |       |       |    37 ||    37
Throw: Stone             |       |    13 |       ||    13
  Use: Scroll            |     1 |     3 |     1 ||     5
 Stab: Sleeping          |     1 |       |       ||     1
Armor: Leather armour    |    67 |    96 |    78 ||   241
       Skin              |       |     2 |       ||     2
Dodge: Dodged            |    77 |   101 |    91 ||   269
Block: Buckler           |    40 |    42 |    30 ||   112
